 Dungeon Crawl Stone Soup version 0.18.1-48-g4cf74bf (webtiles) character file.

255 poirepourri the Magician (level 5, -9/28 HPs)
             Began as a Deep Elf Conjurer on July 12, 2016.
             Mangled by a wight
             ... wielding a +2 dire flail
              (13 damage)
             ... on level 3 of the Dungeon.
             The game lasted 00:03:59 (4070 turns).

poirepourri the Magician (Deep Elf Conjurer)        Turns: 4070, Time: 00:04:01

Health: -9/28      AC:  3    Str:  5    XL:     5   Next: 91%
Magic:  8/16       EV: 12    Int: 21    God:
Gold:   105        SH:  0    Dex: 15    Spells: 3 memorised, 11 levels left

rFire  . . .     SeeInvis .     d - +0 short sword
rCold  . . .     Gourm    .     a - +0 robe
rNeg   . . .     Faith    .     (no shield)
rPois  .         Spirit   .     (no helmet)
rElec  .         Dismiss  .     j - +0 cloak
rCorr  .         Reflect  .     (no gloves)
SustAt .         Harm     .     (no boots)
MR     .....                    (no amulet)
Stlth  ++........               (no ring)
                                (no ring)

@: drained, not resistant to hostile enchantments, unstealthy
A: no striking features
a: no special abilities


You were on level 3 of the Dungeon.
You were not hungry.

You visited 1 branch of the dungeon, and saw 3 of its levels.

You collected 105 gold pieces.

Inventory:

Hand Weapons
 d - a +0 short sword (weapon)
Armour
 a - a +0 robe (worn)
 j - a +0 cloak (worn)
Jewellery
 f - an uncursed ring of positive energy {unknown}
 k - a +6 ring of dexterity {unknown}
Scrolls
 c - 2 scrolls of identify {unknown}
 g - a scroll of fear
Potions
 e - 2 potions of heal wounds {unknown}
 h - 2 potions of agility {unknown}
 i - a potion of degeneration {unknown}
Books
 b - a book of Conjurations

   Spells                             Type                      Level
   a - Magic Dart                     Conjuration                  1
   b - Searing Ray                    Conjuration                  2
   c - Dazzling Spray                 Conjuration/Hexes            3
   d - Fulminant Prism                Conjuration/Hexes            4
   e - Iskenderun's Mystic Blast      Conjuration                  4
   f - Iskenderun's Battlesphere      Conjuration/Charms           5
Comestibles
 l - a beef jerky
 m - a slice of pizza
 n - 2 fruits
 o - a meat ration


   Skills:
 + Level 0.2(0.0) Fighting
 - Level 2.4(2.1) Dodging
 - Level 2.4(2.1) Stealth
 * Level 6.6(6.3) Spellcasting
 + Level 6.0(5.6) Conjurations


You had 11 spell levels left.
You knew the following spells:

 Your Spells              Type           Power        Failure   Level  Hunger
a - Magic Dart            Conj           ####         1%          1    None
b - Searing Ray           Conj           ####..       1%          2    None
c - Dazzling Spray        Conj/Hex       ###...       12%         3    #......


Dungeon Overview and Level Annotations

Branches:
Dungeon (3/15)

Altars:
Qazlal


Message History

The wight is heavily damaged.
The wight misses you. The wight barely misses you.
The searing ray hits the wight.
The wight is almost destroyed.
The wight hits you with an enchanted dire flail!
You feel drained. The wight barely misses you. x2
Casting: Searing Ray
Confirm with . or Enter, or press ? or * to list all spells.
Aiming: Searing Ray
Press: ? - help, Shift-Dir - straight line, f/p - wight
Aim: a wight, wielding a scimitar of freezing and wearing a robe (almost destroyed)
The searing ray hits the wight.
The wight is almost destroyed.
The wight hits you with a scimitar of freezing.
* * * LOW HITPOINT WARNING * * *
The wight freezes you.
* * * LOW HITPOINT WARNING * * *
The wight hits you with an enchanted dire flail!
You die...

######### #.##.##.####
#...))..# #.##.......#
#.#####.#####.......##..
#. #....>......#........
.....##..##..#.######...
##.## #).##..#.# #...
#.#####......#.# #...
#..............## #...
#######@z.......# #...
#z#######.# #... #.#
#.#####... #.#
#......... .......$#
#......... ....z.#.#
#..>...... ......#.#
#.####.... .....
#.#######.# #.... #####
#.........# #....


You could see 2 wights.

Vanquished Creatures
  2 wights (D:3)
  Natasha (twice) (D:3)
  4 adders
  2 oozes
  2 worms (D:2)
  2 dart slugs (D:1)
  2 giant geckos
  2 orcs (D:3)
  3 giant cockroaches (D:1)
  7 goblins
  3 hobgoblins
  8 jackals
  A ball python (D:3)
  13 bats
  3 giant newts
  11 kobolds
  2 rats (D:1)
69 creatures vanquished.

Notes
Turn   | Place    | Note
--------------------------------------------------------------
     0 | D:1      | poirepourri the Deep Elf Conjurer began the quest for the Orb.
     0 | D:1      | Reached XP level 1. HP: 10/10 MP: 6/6
   200 | D:1      | Reached XP level 2. HP: 15/15 MP: 2/8
   621 | D:1      | Reached skill level 5 in Conjurations
   643 | D:1      | Learned a level 2 spell: Searing Ray
   649 | D:1      | You fall through a shaft!
  1028 | D:1      | Reached XP level 3. HP: 19/19 MP: 3/10
  1896 | D:2      | Found a stormy altar of Qazlal.
  2774 | D:2      | Reached XP level 4. HP: 24/24 MP: 7/12
  2914 | D:2      | Learned a level 3 spell: Dazzling Spray
  3411 | D:3      | Noticed Natasha
  3417 | D:3      | Killed Natasha
  3417 | D:3      | Reached skill level 5 in Spellcasting
  3796 | D:3      | Reached XP level 5. HP: 25/28 MP: 5/15
  3864 | D:3      | Noticed Natasha
  3866 | D:3      | Killed Natasha
  4070 | D:3      | Mangled by a wight

Skill      XL: |  1  2  3  4  5 |
---------------+----------------+-----
Conjurations   | 5 6 |  6.0
Spellcasting   | 4 5 6 |  6.6
Fighting       | |  0.2
Dodging        | |  2.4
Stealth        | |  2.4

Action                   |  1- 3 |  4- 6 || total
-------------------------+-------+-------++-------
 Cast: Magic Dart        |    77 |    51 ||   128
       Searing Ray       |    10 |     4 ||    14
  Use: Scroll            |     3 |       ||     3
  Eat: Meat ration       |     1 |       ||     1
       Bread ration      |     1 |       ||     1
Armor: Robe              |     5 |       ||     5
Dodge: Dodged            |     7 |    10 ||    17
